 Dungeon Crawl Stone Soup version 0.30-a0-939-gc8157cb160 (webtiles) character file.

Game seed: 12242905058609468217

1180 cforsyth the Trooper (level 8, -9/45 HPs)
             Began as a Vine Stalker Fighter on Mar 25, 2023.
             Was a Believer of Uskayaw.
             Killed from afar by a steam dragon (14 damage)
             ... with a ball of steam
             ... on level 7 of the Dungeon.
             The game lasted 00:08:56 (4493 turns).

cforsyth the Trooper (Vine Stalker Fighter)         Turns: 4493, Time: 00:08:57

Health: -9/45      AC:  8    Str: 21    XL:     8   Next: 42%
Magic:  0/9        EV:  9    Int:  8    God:    Uskayaw [**....]
Gold:   504        SH:  5    Dex: 20    Spells: 7/7 levels left

rFire   . . .      SeeInvis .    a - +1 rapier
rCold   . . .      Faith    .    c - +0 buckler
rNeg    . . .      Spirit   +    b - +0 scale mail
rPois   +          Reflect  .    (no helmet)
rElec   .          Rampage  .    (no cloak)
rCorr   .                        (no gloves)
Will    +....                    v - +1 pair of boots Stlth
                                 (no amulet)
HPRegen 1.07/turn                h - +6 ring of dexterity
MPRegen 0.11/turn                E - ring of poison resistance

@: mighty
A: fangs 3, regeneration 1, magic shield, antimagic bite, no potion heal 2
a: Renounce Religion, Stomp, Line Pass


You were on level 7 of the Dungeon.
You worshipped Uskayaw.
Uskayaw was noncommittal.
You visited 2 branches of the dungeon, and saw 8 of its levels.
You also visited: Ossuary.

You collected 504 gold pieces.

Inventory:

Hand Weapons
 a - a +1 rapier (weapon)
Missiles
 e - a throwing net (quivered)
Armour
 b - a +0 scale mail (worn)
 c - a +0 buckler (worn)
 v - a +1 pair of boots (worn)
Jewellery
 h - a +6 ring of dexterity (left hand)
 n - a ring of see invisible
 r - a +6 ring of intelligence
 E - a ring of poison resistance (right hand)
Wands
 i - a wand of charming (8)
 o - a wand of digging (6)
 y - a wand of flame (22)
 H - a wand of iceblast (2)
Scrolls
 j - 2 scrolls of poison
 k - 2 scrolls of amnesia
 p - 2 scrolls of fog
 q - 2 scrolls of teleportation
 s - a scroll of blinking
 t - a scroll of vulnerability
 F - 2 scrolls of immolation {unknown}
Potions
 d - a potion of might
 f - 3 potions of curing
 g - 2 potions of lignification
 l - 2 potions of brilliance
 m - 3 potions of attraction
 u - 2 potions of ambrosia
 w - a potion of mutation
 x - a potion of invisibility
 z - a potion of berserk rage
 A - a potion of resistance {unknown}
 B - 2 potions of magic
 C - 2 potions of flight {unknown}
 D - a potion of heal wounds {unknown}
 G - 2 potions of haste {unknown}


   Skills:
 + Level 6.9 Fighting
 + Level 6.5 Short Blades
 - Level 2.4 Armour
 - Level 2.6 Shields


You had 7 spell levels left.
You didn't know any spells.
Your spell library was empty.

Dungeon Overview and Level Annotations

Branches:
Dungeon (7/15)             Temple (1/1) D:6         Ossuary (visited)

Altars:
Ashenzari
Cheibriados
Gozag
Nemelex Xobeh
Okawaru
Qazlal
Ru
Sif Muna
Uskayaw
Vehumet


Innate Abilities, Weirdness & Mutations

You have razor-sharp teeth.
Your natural rate of healing is unusually fast.
When hurt, damage is shared between your health and your magic reserves.
Your bite disrupts and absorbs the magic of your enemies.
Potions cannot restore your health.


Message History

* * * LOW HITPOINT WARNING * * *
You can now pass through a line of other dancers.
The white imp shouts!
You hit the water moccasin but do no damage.
Your bite misses the water moccasin.
The water moccasin is almost dead.
The water moccasin bites you. x2
* * * LOW HITPOINT WARNING * * *
You closely miss the water moccasin.
The water moccasin is severely wounded.
The water moccasin closely misses you.
You miss the water moccasin. Your bite misses the water moccasin.
The water moccasin is severely wounded.
The water moccasin completely misses you.
The white imp disappears for a moment.
You hit the water moccasin but do no damage.
You bite the water moccasin. You drain its power.
You feel invigorated.
The water moccasin is almost dead.
You block the water moccasin's attack.
You hit the water moccasin.
You kill the water moccasin!
You hit the steam dragon.
The steam dragon is lightly wounded.
The steam dragon breathes steam at you. The ball of steam hits you!!
* * * LOW HITPOINT WARNING * * *
The steam dragon barely misses you. You block the steam dragon's attack.
You feel very mighty all of a sudden.
The steam dragon bites you but does no damage.
The steam dragon barely misses you.
You puncture the steam dragon! Your bite misses the steam dragon.
The steam dragon is moderately wounded.
The steam dragon bites you but does no damage.
The steam dragon claws you.
* * * LOW HITPOINT WARNING * * *
You puncture the steam dragon!
The steam dragon is almost dead.
The steam dragon breathes steam at you. The ball of steam hits you!
You die...

#.#.#######
###.#......<## #
......#...(.# ##.
...8...8.#.# ...
#...#...#.#
##.###.###.#..#
#.#...#...#....##
#...85D§8...8..#
#.....#@..#....#
..... ##.###.###
##.. #...#...# #.
...8...8.# #
..........#
........####
#########


You could see a steam dragon (catching breath) and a white imp.

Vanquished Creatures
  2 water moccasins
  Duvessa (D:6)
  A black bear (D:6)
  An ogre (D:5)
  3 phantoms (D:6)
  Dowan (D:6)
  A howler monkey (D:4)
  An orc priest (D:6)
  2 hounds
  2 iguanas
  9 mummies
  6 adders
  A white imp (D:6)
  An ufetubus (D:4)
  2 worms (D:2)
  3 dart slugs
  10 orcs
  3 bats
  10 endoplasms
  2 giant cockroaches (D:1)
  5 goblins
  3 hobgoblins
  4 jackals
  4 quokkas
  5 ball pythons
  A frilled lizard (D:2)
  2 gnoll zombies (Ossuary)
  2 hobgoblin zombies (Ossuary)
  6 kobolds
  2 kobold zombies (Ossuary)
  2 orc zombies (Ossuary)
  3 rats
101 creatures vanquished.

Notes
Turn   | Place    | Note
-------+----------+-------------------------------------------
     0 | D:1      | cforsyth the Vine Stalker Fighter began the quest for the
                  | Orb.
     0 | D:1      | Reached XP level 1. HP: 11/11 MP: 2/2
    64 | D:1      | Reached XP level 2. HP: 16/16 MP: 3/3
   382 | D:1      | Reached XP level 3. HP: 20/20 MP: 4/4
  1353 | D:3      | Found a faded altar of an unknown god.
  1397 | D:3      | Gained mutation: Your natural rate of healing is unusually
                  | fast. [Vine Stalker growth]
  1397 | D:3      | Reached XP level 4. HP: 22/25 MP: 3/5
  2026 | D:4      | Reached XP level 5. HP: 18/29 MP: 6/6
  2280 | D:4      | Found a sacrificial altar of Ru.
  2571 | D:5      | Entered Level 5 of the Dungeon
  2599 | D:5      | Found a broken altar of Ashenzari.
  2624 | D:5      | Reached XP level 6. HP: 27/34 MP: 7/7
  2852 | D:5      | Found a sand-covered staircase.
  2883 | Ossuary  | Entered an ossuary
  2983 | Ossuary  | Reached skill level 5 in Fighting
  3277 | D:5      | Reached XP level 7. HP: 39/39 MP: 8/8
  3278 | D:5      | Noticed a two-headed ogre
  3509 | D:6      | Found a staircase to the Ecumenical Temple.
  3522 | Temple   | Entered the Ecumenical Temple
  3541 | Temple   | Became a worshipper of Uskayaw the Reveller
  3604 | D:6      | Reached * piety under Uskayaw
  3608 | D:6      | Reached skill level 5 in Short Blades
  3799 | D:6      | Reached ** piety under Uskayaw
  3981 | D:6      | Reached *** piety under Uskayaw
  3983 | D:6      | Reached **** piety under Uskayaw
  3988 | D:6      | Gained mutation: You have razor-sharp teeth. [Vine Stalker
                  | growth]
  3988 | D:6      | Reached XP level 8. HP: 34/44 MP: 7/9
  4097 | D:6      | Found a shimmering blue altar of Sif Muna.
  4333 | D:6      | Identified the +7 ring mail of Valiance {Harm rF+ rC-}
  4398 | D:6      | Noticed Duvessa
  4398 | D:6      | Noticed Dowan
  4407 | D:6      | Killed Duvessa
  4411 | D:6      | Killed Dowan
  4493 | D:7      | Killed from afar by a steam dragon

Illustrated notes

Levels and vault maps discovered:
D:1:      giann_horns, layout_basic
D:2:      layout_loops_ring
D:3:      layout_loops_ring, chequers_ecumenical_altar_simple_redux
D:4:      layout_basic, kennysheep_mini_moat
D:5:      layout_gridville, ashenzari_altar_1, gup_ossuary_entry_pyramid
D:6:      layout_loops_cross, led_sif_pool, minmay_temple_entry_steel_oval,
          uniq_duvessa
D:7:      layout_basic, mainiacjoe_overflow_cross_hatched,
          gammafunk_temple_of_torment, minmay_misc_feat_four_crosses,
          nicolae_shop_vocational, uniq_maggie
Temple:   nicolae_temple_bog_church

Skill      XL: |  1  2  3  4  5  6  7  8 |
---------------+-------------------------+-----
Short Blades   | 2 3 4 5 6 |  6.5
Fighting       | 3 4 5 6 |  6.9
Armour         | |  2.4
Shields        | |  2.6

Action                     |  1- 3 |  4- 6 |  7- 9 || total
---------------------------+-------+-------+-------++-------
  Melee: Rapier            |    89 |   169 |    98 ||   356
         Bite              |    19 |    50 |    29 ||    98
  Evoke: Wand              |       |     3 |       ||     3
    Use: Scroll            |       |    19 |       ||    19
         Potion            |       |       |     1 ||     1
   Stab: Paralysed         |       |       |     3 ||     3
 Armour: Scale mail        |    44 |    66 |    26 ||   136
  Dodge: Dodged            |    32 |    67 |    38 ||   137
  Block: Buckler           |    15 |    48 |    24 ||    87

Table legend: (Time is in decaauts)
 A = Elapsed time spent in this place.
 B = Non-inter-level travel time spent in this place.
 C = Inter-level travel time spent in this place.
 D = Time resting spent in this place.
 E = Time spent auto-exploring this place.
 F = Levels seen in this place.
 G = Mean time per level.
                   A        B        C        D        E       F      G
               +--------+--------+--------+--------+--------+-----+--------+
         Total |   4509 |   4317 |    192 |     18 |   3097 |   9 |  501.0 |
       Dungeon |   4208 |   4032 |    176 |     18 |   3069 |   7 |  601.1 |
        Temple |     35 |     19 |     16 |      0 |      9 |   1 |   35.0 |
       Ossuary |    265 |    265 |      0 |      0 |     19 |   1 |  265.0 |
               +--------+--------+--------+--------+--------+-----+--------+

Top non-repeatable levels by time:
     D:6: 803 daAuts
     D:4: 780 daAuts
     D:2: 731 daAuts
     D:5: 721 daAuts
     D:3: 670 daAuts
     D:1: 468 daAuts
 Ossuary: 265 daAuts
  Temple: 35 daAuts
     D:7: 31 daAuts
